 Dungeon Crawl Stone Soup version 0.28-a0-1594-ga885d4b3d6 (webtiles) character file.

Game seed: 15134475776943955798

18 lonewolfV2 the Caller (level 2, 0/15 HPs)
             Began as a Tengu Summoner on Jan 20, 2022.
             Slain by an adder (3 damage)
             ... on level 2 of the Dungeon.
             The game lasted 00:02:16 (1113 turns).

lonewolfV2 the Caller (Tengu Summoner)              Turns: 1113, Time: 00:02:17

Health: 0/15       AC:  2    Str:  8    XL:     2   Next: 66%
Magic:  3/6        EV: 12    Int: 15    God:
Gold:   36         SH:  0    Dex: 14    Spells: 2/5 levels left

rFire   . . .      SeeInvis .   (no weapon)
rCold   . . .      Faith    .   (no shield)
rNeg    . . .      Spirit   .   a - +0 robe
rPois   .          Reflect  .   (helmet restricted)
rElec   .          Harm     .   (no cloak)
rCorr   .          Rampage  .   (no gloves)
Will    .....                   (boots unavailable)
Stlth   ++........              (no amulet)
HPRegen 0.05/turn               (no ring)
MPRegen 0.10/turn               (no ring)

@: no status effects
A: beak, talons 3
a: no special abilities


You were on level 2 of the Dungeon.
You visited 1 branch of the dungeon, and saw 2 of its levels.

You collected 36 gold pieces.

Inventory:

Armour
 a - a +0 robe (worn)
Scrolls
 c - a scroll of amnesia {unknown}
 e - a scroll of fear {unknown}
Potions
 b - a potion of invisibility {unknown}
 d - a potion of mutation {unknown}
 f - a potion of curing {unknown}


   Skills:
 + Level 2.5 Dodging
 + Level 2.0 Stealth
 + Level 0.2 Unarmed Combat
 + Level 2.3 Spellcasting
 + Level 5.2 Summonings


You had 2 spell levels left.
You knew the following spells:

 Your Spells              Type           Power      Damage    Failure   Level
a - Summon Small Mammal   Summ           68%        N/A       2%          1
b - Call Imp              Summ           17%        N/A       3%          2

Your spell library contained the following spells:

 Spells                   Type           Power      Damage    Failure   Level
 Call Canine Familiar     Summ           17%        N/A       8%          3
 Summon Guardian Golem    Hex/Summ       9%         N/A       22%         3
 Dazzling Flash           Conj/Hex       2%         N/A       54%         3
 Summon Lightning Spire   Summ/Air       9%         N/A       58%         4
 Agony                    Necr           1%         N/A       99%         5
 Silence                  Hex/Air        0%         N/A       99%         5


Dungeon Overview and Level Annotations

Branches:
Dungeon (2/15)

Altars:
Xom


Innate Abilities, Weirdness & Mutations

You have a beak for a mouth.
You have claws for feet.


Message History

The giant cockroach misses your bat. The adder closely misses you.
The bat closely misses you. The bat closely misses your bat.
Your bat closely misses the giant cockroach.
The bat hits you but does no damage.
Your bat hits the giant cockroach but does no damage. x2
The giant cockroach bites your bat.
Your crimson imp hits the giant cockroach but does no damage.
The bat completely misses you.
Casting: Summon Small Mammal (safe; 2% risk of failure)
Confirm with . or Enter, or press ? or * to list all spells.
Your bat disappears in a puff of smoke!
Your bat barely misses the giant cockroach.
The bat barely misses you.
Your bat closely misses the bat.
The adder barely misses you.
The giant cockroach closely misses your crimson imp.
Your crimson imp hits the giant cockroach.
The giant cockroach dies!
The adder bites you. The bat barely misses you.
Your quokka misses the bat.
Casting: Summon Small Mammal (safe; 2% risk of failure)
Confirm with . or Enter, or press ? or * to list all spells.
Your bat disappears in a puff of smoke!
The bat hits you. The bat barely misses you. The adder bites you.
Your crimson imp blinks!
The bat hits you.
* * * LOW HITPOINT WARNING * * *
The bat completely misses your quokka.
Your bat closely misses the adder.
The adder closely misses you.
Your quokka bites the adder.
The bat hits your quokka.
Your quokka misses the adder. The bat barely misses you.
The bat hits you but does no damage.
Your bat misses the adder. The adder barely misses you.
Your bat barely misses the adder.
Your quokka barely misses the adder.
Your crimson imp completely misses the bat.
The bat hits you but does no damage.
Your bat closely misses the adder.
Your quokka barely misses the adder.
The bat hits you.
* * * LOW HITPOINT WARNING * * *
The bat hits you but does no damage. x2; Your bat hits the adder.
The adder bites you.
You die...

..... .... ...
.. .. #..
...#.####..##
..#...##...#
...... #<#
#.#.####.#
#..[.b.@b#
##.†..5S.#
#....br.#
#.......#
#.......#
.......######..#
.##.... ##.#
###.. .# ... ..


You could see an adder (ally target), 2 bats, a friendly crimson imp (summoned),
a friendly quokka (summoned) and a friendly bat (summoned).

Vanquished Creatures
  An endoplasm (D:1)
  2 ball pythons (D:1)
3 creatures vanquished.

Vanquished Creatures (collateral kills)
  2 endoplasms (D:1)
  A giant cockroach (D:2)
  A hobgoblin (D:1)
  2 kobolds (D:1)
  4 ball pythons (D:1)
  2 bats
  A rat (D:1)
13 creatures vanquished.

Grand Total: 16 creatures vanquished

Notes
Turn   | Place    | Note
-------+----------+-------------------------------------------
     0 | D:1      | lonewolfV2 the Tengu Summoner began the quest for the Orb.
     0 | D:1      | Reached XP level 1. HP: 10/10 MP: 4/4
   243 | D:1      | Reached skill level 5 in Summonings
   246 | D:1      | Reached XP level 2. HP: 14/15 MP: 1/6
   249 | D:1      | Learned a level 2 spell: Call Imp
  1079 | D:2      | Found a shimmering altar of Xom.
  1113 | D:2      | Slain by an adder

Illustrated notes

Levels and vault maps discovered:
D:1:      dpeg_arrival_rooms_with_view, layout_loops_ring,
          roderic_three_in_a_row, roderic_roman_lattice, minmay_tetromino_i4
D:2:      layout_rooms, basic_altar, corner_web_ring

Skill      XL: |  1 |
---------------+----+-----
Summonings     | 5 |  5.2
Dodging        | |  2.5
Stealth        | |  2.0
Unarmed Combat | |  0.2
Spellcasting   | |  2.3

Action                   || total
-------------------------++-------
Melee: Unarmed           ||    11
       Kick              ||     2
       Peck              ||     2
       Punch             ||     1
 Cast: Summon Small Mamm ||    26
       Call Imp          ||     8
  Use: Scroll            ||     1
Armor: Robe              ||    10
Dodge: Dodged            ||    36

Table legend: (Time is in decaauts)
 A = Elapsed time spent in this place.
 B = Non-inter-level travel time spent in this place.
 C = Inter-level travel time spent in this place.
 D = Time resting spent in this place.
 E = Time spent auto-exploring this place.
 F = Levels seen in this place.
 G = Mean time per level.
                   A        B        C        D        E       F      G
               +--------+--------+--------+--------+--------+-----+--------+
         Total |   1112 |   1070 |     42 |      0 |    853 |   2 |  556.0 |
       Dungeon |   1112 |   1070 |     42 |      0 |    853 |   2 |  556.0 |
               +--------+--------+--------+--------+--------+-----+--------+

Top non-repeatable levels by time:
     D:1: 1079 daAuts
     D:2: 33 daAuts
